Map: Ulrena

Players

Blubbel

  • Race: Terran Terran
  • League: Silver

jakazzy

  • Race: Terran Terran

zod

  • Race: Protoss Protoss
  • League: Silver

AcidZealot

  • Race: Protoss Protoss

VOD

Have the link to the VOD?

Description

Time

  • Played on: Jan. 6, 2016, 1:34 p.m.
  • Length: 14:51
Show
View Real Time Build Order
Export as new Build Order

Blubbel Terran 

Build Orders:  

Get SALT Encoding   

  12  0:01  SCV  
  13  0:13  SCV  
  14  0:23  Supply Depot  
  14  0:25  SCV  
  15  0:32  Refinery  
  15  0:44  SCV  
  15  0:47  Barracks  
  16  0:56  SCV  
  17  1:15  SCV  
  18  1:26  Refinery  
  18  1:27  SCV  
  20  1:40  SCV  
  20  1:44  Factory  
  20  1:45  Marine  
  21  1:58  SCV  
  22  2:10  SCV  
  22  2:14  Marine  
  23  2:16  Supply Depot  
  23  2:26  Supply Depot  
  23  2:34  Starport  
  23  2:37  Marine, Widow Mine  
  26  2:52  SCV  
  27  3:04  Command Center  
  26  3:22  Medivac  
  28  3:29  Supply Depot, Marine  
  29  3:34  Widow Mine  
  29  3:37  SCV  
  32  3:45  Barracks  
  32  3:49  SCV  
  32  3:53  Marine  
  34  4:01  SCV  
  35  4:11  Engineering Bay  
  35  4:17  Starport Tech Lab  
  35  4:18  Factory Tech Lab, Barracks Tech Lab  
  35  4:28  SCV  
  36  4:37  Barracks Tech Lab  
  36  4:40  SCV  
  36  4:41  Marauder  
  36  4:43  Widow Mine  
  41  4:49  SCV  
  43  4:56  Orbital Command  
  42  5:02  SCV, Marine  
  36  5:16  Siege Tank  
  36  5:20  Marine x2  
  41  5:22  SCV  
  41  5:28  Missile Turret  
  42  5:29  Concussive Shells  
  42  5:34  SCV  
  43  5:38  Marine  
  44  5:43  Orbital Command  
  44  5:47  Widow Mine  
  44  5:55  Missile Turret  
  44  6:00  Marauder  
  44  6:03  Marauder  
  48  6:07  SCV  
  48  6:09  SCV  
  50  6:18  Liberator  
  50  6:21  Missile Turret, Marauder  
  50  6:24  Marauder  
  54  6:29  Refinery  
  54  6:31  Refinery  
  57  6:42  Marine  
  57  6:45  Marine  
  59  6:57  Missile Turret  
  59  7:03  Cloaking Field  
  59  7:05  Missile Turret, Marine x2  
  61  7:13  Starport  
  61  7:14  Command Center  
  61  7:22  SCV, Supply Depot  
  62  7:27  Liberator  
  62  7:31  Supply Depot  
  62  7:44  SCV, Marine x2  
  62  7:46  Widow Mine  
  70  7:52  Barracks  
  70  7:54  Starport Reactor  
  70  7:56  Hi-Sec Auto Tracking  
  70  7:57  Supply Depot  
  70  8:05  SCV x2, Engineering Bay  
  72  8:15  Widow Mine  
  72  8:18  SCV  
  72  8:27  Viking  
  74  8:35  SCV, Viking  
  74  8:36  SCV  
  74  8:39  SCV  
  74  8:40  Missile Turret  
  79  8:43  Widow Mine, Marine  
  79  8:45  Marine  
  79  8:47  SCV  
  84  8:51  SCV  
  85  8:56  Medivac, Liberator x2  
  93  9:37  SCV  
  94  9:44  Refinery  
  94  9:46  Refinery  
  94  9:47  Command Center  
  94  9:49  SCV  
  95  10:01  SCV  
  96  10:11  Widow Mine  
  96  10:13  SCV  
  96  10:25  Barracks Reactor, SCV  
  97  10:31  Terran Infantry Weapons Level 1  
  97  10:32  Terran Infantry Armor Level 1  
  97  10:34  Marine x2  
  97  10:35  Barracks  
  99  10:38  SCV  
  99  10:39  Armory, Widow Mine  
  99  10:41  Liberator  
  99  10:42  Liberator x2  
  100  10:47  Supply Depot  
  100  10:49  Supply Depot  
  100  10:50  SCV  
  100  10:53  Supply Depot  
  100  10:56  Marauder  
  100  10:58  Supply Depot  
  100  10:59  Marauder  
  100  11:03  Refinery  
  108  11:05  Orbital Command  
  108  11:17  Orbital Command, Marine  
  109  11:21  Marauder  
  109  11:22  SCV x2, Supply Depot  
  109  11:24  Liberator  
  109  11:25  Liberator x2  
  113  11:34  SCV x2, Marine  
  114  11:40  Armory  
  114  11:41  Barracks Tech Lab, Marine, Fusion Core  
  114  11:46  SCV x2  
  124  11:52  Marine  
  124  11:59  Marine  
  125  12:01  Marauder  
  125  12:02  Marine x2  
  125  12:07  Liberator  
  111  12:10  Marine  
  104  12:18  Marauder  
  104  12:20  Marine x2  
  109  12:23  Marauder  
  109  12:28  Marauder  
  112  12:35  Factory Tech Lab  
  112  12:38  Marine x2  
  112  12:39  Marauder  
  114  12:44  Marauder  
  114  12:50  Marauder  
  116  12:56  Marine x2  
  118  13:00  Marauder  
  122  13:05  Marauder  
  122  13:11  Marine  
  111  13:18  Liberator x2  
  105  13:21  Marine  
  105  13:26  Marine  
  104  13:33  Battlecruiser  
  110  13:34  Marauder  
  118  13:43  SCV  
  118  13:45  Marauder  
  119  13:54  Marine x2  
  119  13:55  SCV  
  122  13:56  Marauder  
  124  14:06  Marauder  
  127  14:12  Marine  
  129  14:17  Marauder  
  119  14:27  Marauder  
Show
View Real Time Build Order
Export as new Build Order

jakazzy Terran 

Build Orders:  

Get SALT Encoding   

  12  0:01  Probe (Chrono Boost)  
  13  0:12  Probe (Chrono Boost)  
  14  0:22  Pylon  
  14  0:25  Probe (Chrono Boost)  
  15  0:40  Probe (Chrono Boost)  
  16  0:45  Gateway  
  16  0:51  Probe (Chrono Boost)  
  17  0:58  Assimilator  
  17  1:01  Probe (Chrono Boost)  
  18  1:12  Probe (Chrono Boost)  
  19  1:26  Nexus  
  19  1:33  Probe (Chrono Boost)  
  19  1:39  Cybernetics Core  
  20  1:44  Probe (Chrono Boost)  
  21  1:51  Pylon  
  21  1:57  Pylon  
  21  2:01  Probe (Chrono Boost)  
  21  2:06  Assimilator  
  22  2:12  Probe (Chrono Boost)  
  23  2:22  Warp Gate  
  23  2:26  Adept  
  25  2:36  Probe (Chrono Boost)  
  26  2:39  Probe (Chrono Boost)  
  26  2:42  Robotics Facility  
  27  2:47  Probe (Chrono Boost)  
  28  2:56  Mothership Core (Chrono Boost)  
  30  3:00  Assimilator  
  30  3:03  Probe (Chrono Boost)  
  31  3:14  Probe (Chrono Boost)  
  31  3:16  Assimilator  
  31  3:19  Forge  
  30  3:23  Probe (Chrono Boost)  
  30  3:25  Probe (Chrono Boost)  
  32  3:29  Pylon  
  32  3:32  Observer  
  33  3:35  Probe (Chrono Boost)  
  33  3:36  Stalker  
  36  3:46  Probe (Chrono Boost)  
  37  3:53  Photon Cannon  
  37  3:54  Probe (Chrono Boost)  
  38  3:59  Observer  
  39  4:04  Photon Cannon  
  39  4:07  Probe (Chrono Boost)  
  39  4:09  Probe (Chrono Boost)  
  41  4:16  Photon Cannon  
  41  4:21  Probe (Chrono Boost)  
  42  4:28  Probe (Chrono Boost)  
  43  4:32  Probe (Chrono Boost)  
  44  4:38  Probe (Chrono Boost)  
  44  4:41  Stargate  
  44  4:43  Probe (Chrono Boost), Pylon  
  46  4:46  Pylon  
  46  4:59  Stalker  
  48  5:14  Probe (Chrono Boost)  
  49  5:22  Robotics Bay  
  49  5:25  Gateway  
  49  5:26  Void Ray  
  49  5:27  Gateway  
  53  5:30  Protoss Ground Weapons Level 1  
  53  5:36  Probe (Chrono Boost)  
  53  5:40  Probe (Chrono Boost)  
  55  5:47  Probe (Chrono Boost)  
  55  5:49  Nexus  
  60  5:57  Immortal  
  60  5:59  Sentry  
  62  6:04  Probe (Chrono Boost)  
  62  6:08  Probe (Chrono Boost)  
  64  6:19  Nexus  
  64  6:23  Pylon  
  64  6:25  Pylon  
  64  6:38  Pylon  
  64  6:40  Disruptor, Pylon  
  64  6:41  Pylon  
  67  6:51  Pylon  
  67  6:52  Pylon  
  67  6:59  Twilight Council  
  67  7:03  Gateway x2  
  67  7:07  Forge  
  67  7:12  Probe (Chrono Boost)  
  69  7:17  Probe (Chrono Boost)  
  69  7:20  Probe (Chrono Boost)  
  71  7:23  Probe (Chrono Boost)  
  71  7:27  Assimilator  
  71  7:29  Probe (Chrono Boost), Assimilator  
  72  7:30  Probe (Chrono Boost)  
  72  7:31  Gateway, Protoss Ground Weapons Level 2  
  72  7:32  Gateway  
  73  7:37  Photon Cannon  
  73  7:40  Protoss Ground Armor Level 1  
  73  7:41  Probe (Chrono Boost)  
  74  7:51  Probe (Chrono Boost)  
  74  7:54  Probe (Chrono Boost)  
  77  7:59  Probe (Chrono Boost)  
  77  8:00  Probe (Chrono Boost)  
  77  8:02  Probe (Chrono Boost)  
  77  8:05  Probe (Chrono Boost)  
  80  8:11  Probe x2 (Chrono Boost)  
  83  8:12  Probe (Chrono Boost)  
  83  8:16  Photon Cannon  
  83  8:20  Photon Cannon  
  83  8:21  Probe (Chrono Boost)  
  83  8:23  Probe (Chrono Boost)  
  83  8:26  Disruptor  
  88  8:34  Gateway  
  88  8:35  Charge  
  88  8:36  Gateway  
  88  8:38  Templar Archives, Dark Shrine  
  88  8:47  Stalker x2  
  88  8:48  Stalker x2  
  96  8:50  Probe (Chrono Boost)  
  96  8:54  Assimilator  
  97  8:56  Assimilator  
  97  9:01  Probe (Chrono Boost)  
  99  9:03  Probe x2 (Chrono Boost)  
  100  9:14  Probe (Chrono Boost), Gateway  
  100  9:15  Probe (Chrono Boost)  
  102  9:17  Gateway  
  102  9:19  Pylon x2  
  102  9:20  Void Ray  
  106  9:27  Probe (Chrono Boost)  
  106  9:31  Stalker  
  109  9:37  Probe (Chrono Boost)  
  111  9:38  Probe (Chrono Boost)  
  111  9:47  Nexus  
  111  9:48  Probe (Chrono Boost)  
  111  9:49  Probe (Chrono Boost)  
  111  9:50  Pylon  
  111  9:54  Stalker x3  
  111  9:58  Probe (Chrono Boost)  
  118  10:06  Void Ray  
  122  10:09  Probe (Chrono Boost)  
  122  10:12  Pylon  
  117  10:14  Pylon  
  117  10:24  Stalker x3  
  117  10:27  Stargate  
  119  10:29  Stargate  
  119  10:33  Blink  
  116  10:49  Psionic Storm  
  116  10:58  Probe (Chrono Boost)  
  117  11:05  Void Ray  
  117  11:08  Probe (Chrono Boost)  
  117  11:11  Fleet Beacon  
  122  11:13  Disruptor  
  122  11:17  Protoss Ground Weapons Level 3, Zealot x3  
  122  11:18  Zealot x4  
  135  11:19  Probe (Chrono Boost), Zealot x3  
  135  11:20  Zealot  
  148  11:29  Probe (Chrono Boost)  
  150  11:40  Probe (Chrono Boost)  
  150  11:42  Assimilator  
  150  11:44  Assimilator  
  150  11:46  Gateway  
  150  11:47  Gateway  
  150  11:48  Gateway  
  150  11:50  Protoss Ground Armor Level 2  
  150  11:51  Gateway  
  146  12:33  Void Ray x3  
  146  12:35  Protoss Air Weapons Level 1  
  146  12:36  Disruptor  
  161  12:43  Zealot  
  163  12:44  Zealot  
  163  12:45  Zealot  
  167  12:58  Stalker x2  
  169  12:59  Stalker x2  
  169  13:00  Stalker  
  155  13:21  Probe (Chrono Boost)  
  155  13:24  Probe (Chrono Boost)  
  139  13:32  Probe (Chrono Boost)  
  139  13:33  Zealot x4  
  139  13:34  Probe (Chrono Boost), Zealot x2  
  152  13:37  Nexus  
  152  13:38  Pylon  
  152  13:41  Pylon  
  153  13:50  Nexus  
  153  13:51  Pylon  
  153  13:53  Pylon  
  153  14:02  Pylon  
  153  14:09  Pylon  
  153  14:12  Dark Templar  
  153  14:13  Dark Templar x2  
  153  14:14  Stalker  
  153  14:15  Stalker x2  
  165  14:32  Zealot x4  
  165  14:33  Zealot  
  169  14:39  Dark Templar x2  
  169  14:40  Dark Templar  
Show
View Real Time Build Order
Export as new Build Order

zod Protoss 

Build Orders:  

Get SALT Encoding   

Show
View Real Time Build Order
Export as new Build Order

AcidZealot Protoss 

Build Orders:  

Get SALT Encoding   

Tags
 
Add a new tag
Caveats
  • Supply blocks, unpowered buildings, or Contaminate may cause inaccurate times.
  • Supply counts are checked every 10 seconds.